 Dungeon Crawl Stone Soup version 0.23.0 (webtiles) character file.

Game seed: 1504516145689690774

2 Monsterracer the Chopper (level 1, 0/20 HPs)
             Began as a Hill Orc Chaos Knight on Feb 15, 2019.
             Was a Plaything of Xom.
             Succumbed to the capriciousness of Xom's residual poison
             ... on level 1 of the Dungeon.
             The game lasted 00:00:40 (92 turns).

Monsterracer the Chopper (Hill Orc Chaos Knight)      Turns: 92, Time: 00:00:40

Health: 0/20       AC:  5    Str: 14    XL:     1   Next: 30%
Magic:  1/1        EV: 11    Int: 17    God:    Xom [..*...]
Gold:   15         SH:  0    Dex: 10    Spells: 0/0 levels left

rFire    . . .     SeeInvis .   a - +0 hand axe (chaos)
rCold    . . .     Gourm    .   (no shield)
rNeg     . . .     Faith    .   b - +2 leather armour
rPois    .         Spirit   .   (no helmet)
rElec    .         Reflect  .   (no cloak)
rCorr    .         Harm     .   (no gloves)
MR       .....                  (no boots)
Stlth    +.........             (no amulet)
HPRegen  0.06/turn              (no ring)
MPRegen  0.07/turn              (no ring)

@: brilliant, lethally poisoned (0 -> -3)
A: no striking features
a: Renounce Religion


You were on level 1 of the Dungeon.
You worshipped Xom.
You were a toy of Xom.
You were not hungry.

You visited 1 branch of the dungeon, and saw 1 of its levels.

You collected 15 gold pieces.

Inventory:

Hand Weapons
 a - a +0 hand axe of chaos (weapon)
Armour
 b - a +2 leather armour (worn)
Potions
 d - a potion of agility {unknown}
 e - 2 potions of lignification {unknown}
Comestibles
 c - a ration


   Skills:
 + Level 3.7 Fighting
 * Level 4.1 Axes
 - Level 2.1 Armour
 - Level 0.7 Dodging


You couldn't memorise any spells.
You didn't know any spells.
Your spell library was empty.

Dungeon Overview and Level Annotations

Branches:
Dungeon (1/15)

Altars:


Message History

Unknown command.
You now have 15 gold pieces.
You enter the shallow water.
Moving in this stuff is going to be slow.
You enter the shallow water.
Moving in this stuff is going to be slow.
You open the door.
A rat comes into view.
A rat is nearby!
The rat closely misses you.
There is an open door here.
A rat is nearby!
You hit the rat.
You kill the rat!
No target in view!
A bat comes into view.
The bat hits you but does no damage.
A bat is nearby!
The bat closely misses you. The bat hits you.
You take 1 damage, and have 18/19 hp.
A bat is nearby!
You barely miss the bat. Xom grants you a minor favour.
You feel clever all of a sudden.
You are now a plaything of Xom.
The bat closely misses you. The bat barely misses you.
The bat closely misses you.
You slash the bat!
You kill the bat!
HP restored.
d - a fuming red potion;
e - 2 metallic coppery potions Health restored: 20 No target in view!
No target in view!
Found a runed hand axe.
You see here a runed hand axe.
You hear Xom's maniacal laughter.
You are lethally poisoned!
You feel very sick.
You are now a toy of Xom.
No target in view!
No target in view!
There is a lethal amount of poison in your body!
No target in view!
Wield which item (- for none, * to show all)? (? for menu, Esc to quit)
c - a ration (in hand)
You feel sick.
You take 1 damage, and have 19/20 hp.
You swing at nothing.
You feel very sick.
You take 3 damage, and have 16/20 hp.
You swing at nothing.
You feel sick.
You take 2 damage, and have 14/20 hp.
You swing at nothing.
You feel sick.
You take 2 damage, and have 12/20 hp.
You swing at nothing.
You feel sick.
You take 1 damage, and have 11/20 hp.
You swing at nothing.
* * * LOW HITPOINT WARNING * * *
You feel sick.
You take 2 damage, and have 9/20 hp.
You swing at nothing.
* * * LOW HITPOINT WARNING * * *
You feel sick.
You take 1 damage, and have 8/20 hp.
* * * LOW HITPOINT WARNING * * *
You feel sick.
You take 1 damage, and have 7/20 hp.
* * * LOW HITPOINT WARNING * * *
You feel sick.
Unknown command.
You swing at nothing.
* * * LOW HITPOINT WARNING * * *
You feel sick.
You take 1 damage, and have 6/20 hp.
You swing at nothing.
* * * LOW HITPOINT WARNING * * *
You feel sick.
You take 1 damage, and have 5/20 hp.
You swing at nothing.
* * * LOW HITPOINT WARNING * * *
You feel sick.
You take 1 damage, and have 4/20 hp.
You swing at nothing.
* * * LOW HITPOINT WARNING * * *
You feel sick.
You take 1 damage, and have 3/20 hp.
You have 15 gold pieces.
Your +0 hand axe of chaos is briefly surrounded by a scintillating aura of random colours.
a - a +0 hand axe of chaos (weapon)
Unknown command.
* * * LOW HITPOINT WARNING * * *
You feel sick.
You take 1 damage, and have 2/20 hp.
Unknown command.
* * * LOW HITPOINT WARNING * * *
You feel sick.
You take 1 damage, and have 1/20 hp.
You die...
Xom titters!

#.# #.# #.# #.# #.# #.#
#.##### #.# #... .. #.#
#.. .# #.# #.# .#
#########.#####.###.###.##
................@.........
.########.#####.###.###.##
.########.# #.# .#
..........# #.# .#
########### #.. .. ### .#
.# .#


There were no monsters in sight!

Vanquished Creatures
  A bat (D:1)
  A rat (D:1)
2 creatures vanquished.

Notes
Turn   | Place    | Note
-------+----------+-------------------------------------------
     0 | D:1      | Monsterracer the Hill Orc Chaos Knight began the quest for
                  | the Orb.
     0 | D:1      | Reached XP level 1. HP: 19/19 MP: 1/1
    29 | D:1      | XOM: potion effect (brilliance)
    70 | D:1      | XOM: medium Pois miscast
    76 | D:1      | HP: 9/20 [poisoned by the capriciousness of Xom (residual
                  | poison)]
    81 | D:1      | HP: 5/20 [poisoned by the capriciousness of Xom (residual
                  | poison)]
    87 | D:1      | HP: 2/20 [poisoned by the capriciousness of Xom (residual
                  | poison)]
    92 | D:1      | Succumbed to the capriciousness of Xom's residual poison

Action                   || total
-------------------------++-------
Melee: Hand axe          ||     3
Armor: Leather armour    ||     1
Dodge: Dodged            ||     5

Levels and vault maps discovered:
D:1:      saegor_arrival_simple_d, layout_loops_ring, minmay_3d_cube
